Map: Usina Ácida LE

Players

Miche

  • Race: Terran Terran
  • Spawn Location: 5:00

IagoAbreu - Winner!

  • Race: Zerg Zerg
  • League: Gold
  • Spawn Location: 11:00

VOD

Have the link to the VOD?

Description

Time

  • Played on: May 14, 2018, 12:43 p.m.
  • Length: 4:13
Show
View Real Time Build Order
Export as new Build Order

Miche Terran 

Build Orders:  

Get SALT Encoding   

  12  0:04  SCV  
  13  0:16  SCV  
  14  0:23  Supply Depot  
  14  0:28  SCV  
  15  0:44  SCV  
  15  0:46  Barracks  
  16  0:56  SCV  
  17  0:59  Refinery  
  17  1:08  SCV  
  18  1:21  SCV  
  19  1:32  Refinery  
  19  1:34  Marine  
  19  1:36  Supply Depot  
  19  1:38  Orbital Command  
  20  1:45  Barracks  
  20  1:49  Barracks  
  20  1:54  Barracks Reactor  
  20  2:09  Supply Depot  
  20  2:17  SCV  
  21  2:29  SCV  
  22  2:30  Marine x2  
  22  2:36  Barracks Tech Lab  
  24  2:37  Barracks Reactor  
  24  2:41  SCV  
  24  2:46  Engineering Bay  
  24  2:48  Marine x2  
  26  2:53  SCV  
  25  3:05  Marine  
  25  3:06  Marine  
  27  3:17  Supply Depot  
Show
View Real Time Build Order
Export as new Build Order

IagoAbreu Zerg - Winner!

Build Orders: Hatch First 

Get SALT Encoding   

  12  0:01  Drone  
  13  0:13  Overlord  
  13  0:19  Drone  
  14  0:22  Extractor  
  14  0:24  Drone  
  14  0:32  Drone  
  15  0:40  Drone  
  16  0:47  Drone  
  17  1:08  Hatchery  
  17  1:09  Drone  
  17  1:25  Spawning Pool  
  17  1:30  Drone  
  17  1:32  Drone  
  18  1:40  Evolution Chamber  
  18  1:43  Drone  
  19  1:47  Drone  
  19  1:54  Overlord  
  19  2:12  Zerg Missile Weapons Level 1  
  19  2:22  Queen  
  21  2:23  Zergling x2  
  22  2:32  Roach Warren  
  22  2:33  Overlord  
  22  2:35  Drone  
  22  2:38  Zergling x2  
  23  2:44  Zergling x2  
  23  2:57  Zergling x2  
  23  3:13  Roach  
  23  3:17  Overlord  
  25  3:21  Roach  
  26  3:37  Roach x3  
  26  3:38  Roach  
Tags
 
League
Gold
Matchup
TvZ
Spawn Locations
Cross Positions
Add a new tag
Caveats
  • Supply blocks, unpowered buildings, or Contaminate may cause inaccurate times.
  • Supply counts are checked every 10 seconds.